 Dungeon Crawl Stone Soup version 0.29.0-15-g675c0067aa (webtiles) character file.

Game seed: 1146600459959966789

36388 ILmort the Fighter (level 14, 0/108 HPs)
             Began as a Djinni Fire Elementalist on Sept 11, 2022.
             Was a High Priest of Makhleb.
             Slain by a death yak (16 damage)
             ... on level 4 of the Lair of Beasts.
             The game lasted 01:12:54 (21018 turns).

ILmort the Fighter (Djinni Fire Elementalist)      Turns: 21018, Time: 01:12:55

Health: 0/108      AC: 14    Str:  7    XL:     14   Next: 23%
Gold:   442        EV: 17    Int: 21    God:    Makhleb [*****.] SH:  5 Dex: 15

rFire   + + +      SeeInvis .   a - staff of fire
rCold   x . .      Faith    .   (no shield)
rNeg    . . .      Spirit   .   w - +3 leather armour
rPois   ∞          Reflect  +   P - +2 hat
rElec   .          Harm     .   K - +0 cloak
rCorr   +          Rampage  .   y - +0 pair of gloves
Will    +....                   (boots unavailable)
Stlth   ++........              Q - amulet of reflection
HPRegen 0.28/turn               L - +4 ring of protection
MPRegen 0.00/turn               F - ring of resist corrosion

@: flying, studying Short Blades
A: sickness immunity, fire resistance 2, cold vulnerability 1, float, innate
caster, HP casting, extra vitality 1
a: Renounce Religion, Minor Destruction, Lesser Servant of Makhleb, Major
Destruction, Greater Servant of Makhleb


You were on level 4 of the Lair of Beasts.
You worshipped Makhleb.
Makhleb was extremely pleased with you.
You visited 3 branches of the dungeon, and saw 16 of its levels.
You also visited: Bailey.

You collected 1084 gold pieces.
You spent 642 gold pieces at shops.

Inventory:

Hand Weapons
 b - a +4 dagger of draining
 m - a +2 rapier of freezing
Missiles
 f - 31 poisoned darts (quivered)
 A - 6 throwing nets
Armour
 j - a +1 hat
 w - a +3 leather armour (worn)
 y - a +0 pair of gloves (worn)
 K - a +0 cloak (worn)
 O - the +4 robe of Folly {Brilliance Will-∞ Int+8}
   (You found it on level 1 of the Lair of Beasts)

   It increases the power of your magical spells.
   It halves the magic cost of your spells (rounding up).
   It reduces your willpower to zero.
   Int:       It affects your intelligence (+8).
 P - a +2 hat (worn)
Magical Staves
 a - a staff of fire (weapon)
Jewellery
 e - a ring of protection from fire
 o - a ring of protection from fire
 F - a ring of resist corrosion (right hand)
 L - a +4 ring of protection (left hand)
 Q - an amulet of reflection (around neck)
Wands
 h - a wand of flame (38)
 B - a wand of paralysis (8)
 C - a wand of iceblast (13)
 H - a wand of polymorph (6)
 I - a wand of light (13)
Scrolls
 c - 4 scrolls of vulnerability
 g - 6 scrolls of teleportation
 l - 3 scrolls of fog
 q - 3 scrolls of poison
 s - 3 scrolls of immolation
 t - 4 scrolls of enchant armour
 E - 6 scrolls of identify
 G - 6 scrolls of enchant weapon
 M - 2 scrolls of brand weapon
 N - 2 scrolls of magic mapping
 R - a scroll of blinking
Potions
 d - 5 potions of invisibility
 i - 4 potions of ambrosia
 k - 4 potions of brilliance
 p - 4 potions of curing
 r - 6 potions of might
 u - 4 potions of attraction
 v - 2 potions of haste
 z - 2 potions of berserk rage
 D - 5 potions of mutation
 J - 2 potions of cancellation


   Skills:
 * Level 12.6 Fighting
 - Level 12.0 Dodging
 - Level 4.0 Stealth
 - Level 11.2 Spellcasting
 + Level 8.8 Invocations


You had 3 spell levels left.
You knew the following spells:

 Your Spells              Type           Power      Damage    Failure   Level
a - Foxfire               Conj/Fire      100%       2x1d9     1%          1
b - Scorch                Fire           100%       2d10      1%          2
c - Conjure Flame         Conj/Fire      73%        6-21      1%          3
d - Inner Flame           Hex/Fire       73%        N/A       1%          3
e - Flame Wave            Conj/Fire      73%        2d16      1%          4
f - Sandblast             Erth           100%       2d20      1%          1
g - Blink                 Tloc           100%       N/A       1%          2
h - Call Canine Familiar  Summ           56%        N/A       1%          3
i - Olgreb's Toxic Radia  Pois           56%        N/A       1%          4
j - Ice Form              Ice/Tmut       56%        N/A       1%          4
k - Fireball              Conj/Fire      36%        3d15      2%          5
Your spell library was empty.

Dungeon Overview and Level Annotations

Branches:
Dungeon (11/15)            Temple (1/1) D:5            Lair (4/5) D:10
  Swamp (0/4) Lair:2       Spider (0/4) Lair:2          Orc (0/2) D:10
 Bailey (visited)
  Slime: Lair:4-5

Altars:
Ashenzari
Dithmenos
Fedhas
Gozag
Hepliaklqana
Makhleb
Nemelex Xobeh
Okawaru
Ru
Trog
Wu Jian
Xom
Yredelemnul
Zin
The Shining One

Shops:
D:4 :   D:9 *?   D:11 !


Innate Abilities, Weirdness & Mutations

You are immune to sickness and miasma.
You are immune to poison.
Your flesh is very heat resistant. (rF++)
You are vulnerable to cold. (rC-)
You float through the air rather than walking.
You learn spells naturally, not from books.
Your magical power is your life essence.
You have superior vitality. (+4 MHP)


Message History

You feel a surge of power!
Flames lash the death yak.
The death yak's fire resistance burns away.
* * * LOW HITPOINT WARNING * * *
Casting: Scorch (safe; 1% risk of failure)
You feel a surge of power!
Flames lash the death yak.
The death yak is burned terribly!
* * * LOW HITPOINT WARNING * * *
Casting: Scorch (safe; 1% risk of failure)
You blink.
* * * LOW HITPOINT WARNING * * *
You feel better.
Casting: Blink (safe; 1% risk of failure)
You feel a surge of power!
Flames lash the death yak.
The death yak is burned terribly!
* * * LOW HITPOINT WARNING * * *
Casting: Scorch (safe; 1% risk of failure)
You feel a surge of power!
Flames lash the death yak.
The death yak is burned terribly!
* * * LOW HITPOINT WARNING * * *
Casting: Scorch (safe; 1% risk of failure)
You blink.
* * * LOW HITPOINT WARNING * * *
Casting: Blink (safe; 1% risk of failure)
You blink.
* * * LOW HITPOINT WARNING * * *
Casting: Blink (safe; 1% risk of failure)
You feel a surge of power!
Flames lash the death yak but do no damage.
* * * LOW HITPOINT WARNING * * *
Casting: Scorch (safe; 1% risk of failure)
You feel a surge of power!
Flames lash the death yak.
The death yak is burned terribly!
* * * LOW HITPOINT WARNING * * *
You block the death yak's attack.
Casting: Scorch (safe; 1% risk of failure)
You feel a surge of power!
Flames lash the death yak.
The death yak is burned terribly!
* * * LOW HITPOINT WARNING * * *
The death yak gores you!
You die...

... #.
##........>
...##.
...........
...... +#
........>.
....###.#
#.........
..S.#..##
##.$.....
#.S#...# #.#..P.
#...# #...##
###..########
#...#
##........@..##
#.<#.#
#.........Y...#
##.#
#..+......>...##
#..#
#.##..........#
#..## ...
#..........#
#.!.# #P#
#..........#
##.## ##
###.#)†#...#
#..# ####.#.###
#..## #...##
#..P#


You could see a death yak (combustible).

Vanquished Creatures
  Gastronok (Lair:2)
  2 hydras
  3 two-headed ogres
  4 death yaks (Lair:4)
  Amaemon (Lair:1)
  A bog body (Lair:2)
  A necromancer (Lair:2)
  A manticore (D:10)
  4 slime creatures
  5 elephants (Lair:2)
  A cyclops (D:8)
  4 black mambas
  An orange demon (Lair:2)
  Maggie (D:7)
  6 cane toads
  4 komodo dragons
  2 trolls
  11 rime drakes
  2 hornets (D:9)
  11 blink frogs
  5 shadows
  Sigmund (D:4)
  22 yaks
  A wyvern (D:9)
  4 basilisks
  5 steam dragons (Lair:3)
  3 wargs (D:10)
  2 swamp worms (Lair:2)
  11 water moccasins
  Menkaure (D:7)
  Duvessa (D:7)
  5 orc warriors
  An ice beast (D:6)
  3 black bears
  2 sky beasts
  An ogre (D:5)
  12 wolves
  11 centaurs
  3 kobold brigands
  Blork the orc (D:4)
  12 bullfrogs
  3 scorpions
  A necrophage (D:8)
  6 wights
  Dowan (D:7)
  13 killer bees (D:9)
  2 electric eels (Lair:2)
  A howler monkey (D:5)
  2 hounds
  2 jellies
  4 orc priests
  3 gnoll boudas
  7 orc wizards
  2 polar bear simulacra (Lair:2)
  3 iguanas
  2 wolf simulacra (Lair:2)
  2 yak simulacra (Lair:2)
  Robin (D:2)
  9 adders
  20 gnolls
  A shadow imp (D:8)
  A white imp (D:8)
  2 ufetubi
  A worm (D:2)
  7 dart slugs
  53 orcs
  3 ball pythons
  4 endoplasms
  3 giant cockroaches
  13 goblins
  7 hobgoblins
  23 kobolds
  3 quokkas
  4 bats
  3 frilled lizards
  3 rats
  4 river rat simulacra (Lair:2)
392 creatures vanquished.

Vanquished Creatures (collateral kills)
  Urug (D:11)
  A black mamba (Lair:4)
  A steam dragon (Lair:3)
  A basilisk (Lair:1)
  A swamp worm (Lair:2)
  An acid dragon (Lair:3)
  A gnoll (Bailey)
  5 orcs (Bailey)
  A river rat simulacrum (Lair:2)
  2 foxfires (Lair:3)
15 creatures vanquished.

Vanquished Creatures (others)
  A white imp (D:7)
  568 foxfires
  53 fungi
  85 plants
707 creatures vanquished.

Grand Total: 1114 creatures vanquished

Notes
Turn   | Place    | Note
-------+----------+-------------------------------------------
     0 | D:1      | ILmort the Djinni Fire Elementalist began the quest for the
                  | Orb.
     0 | D:1      | ILmort set off with the following spells memorised:
                  | Foxfire, Scorch, Conjure Flame, Inner Flame, Flame Wave.
     0 | D:1      | Reached XP level 1. HP: 15/15 MP: 0/0
   349 | D:1      | Reached XP level 2. HP: 16/21 MP: 0/0
   559 | D:1      | You are sucked into a shaft and drop 1 floor!
  1129 | D:1      | Reached XP level 3. HP: 12/25 MP: 0/0
  1129 | D:1      | Learned a level 1 spell: Sandblast
  2153 | D:2      | Reached XP level 4. HP: 29/31 MP: 0/0
  2253 | D:2      | Found a faded altar of an unknown god.
  2498 | D:2      | Noticed Robin
  2501 | D:2      | Killed Robin
  2938 | D:2      | Reached skill level 1 in Fighting
  3168 | D:3      | Reached XP level 5. HP: 33/37 MP: 0/0
  3168 | D:3      | Learned a level 2 spell: Blink
  3864 | D:4      | Noticed Blork the orc
  3869 | D:4      | Killed Blork the orc
  3870 | D:4      | Reached XP level 6. HP: 27/44 MP: 0/0
  4060 | D:4      | HP: 2/45 [gnoll/+0 halberd[a gnoll bouda] (13)]
  4066 | D:4      | Found Demut's Vocational Training.
  4450 | D:4      | Noticed Sigmund
  4456 | D:4      | Killed Sigmund
  4457 | D:4      | Reached XP level 7. HP: 34/50 MP: 0/0
  4457 | D:4      | Learned a level 3 spell: Call Canine Familiar
  4901 | D:5      | Entered Level 5 of the Dungeon
  5034 | D:5      | Reached skill level 5 in Dodging
  5044 | D:5      | Reached XP level 8. HP: 39/58 MP: 0/0
  5049 | D:5      | Reached skill level 5 in Spellcasting
  5348 | D:5      | Found a staircase to the Ecumenical Temple.
  5355 | Temple   | Entered the Ecumenical Temple
  5416 | Temple   | Became a worshipper of Makhleb the Destroyer
  5524 | D:5      | Found a glowing silver altar of Zin.
  6090 | D:6      | Found a basalt altar of Yredelemnul.
  6107 | D:6      | Reached skill level 5 in Fighting
  6476 | D:6      | Reached XP level 9. HP: 11/65 MP: 0/0
  6476 | D:6      | Learned a level 4 spell: Olgreb's Toxic Radiance
  7721 | D:7      | Noticed Duvessa
  7831 | D:7      | Noticed Menkaure
  7836 | D:7      | Killed Menkaure
  8009 | D:7      | Noticed Maggie
  8028 | D:7      | Killed Maggie
  8216 | D:7      | Noticed Dowan
  8766 | D:8      | Reached * piety under Makhleb
  8767 | D:8      | Reached XP level 10. HP: 44/75 MP: 0/0
  9232 | D:8      | Noticed a cyclops
  9245 | D:8      | Killed a cyclops
  9964 | D:7      | Killed Duvessa
  9971 | D:7      | Killed Dowan
 10281 | D:9      | Found a flagged portal.
 10295 | Bailey   | Entered a bailey
 11086 | D:9      | Found Lure's General Store.
 11274 | D:9      | Bought a scroll of enchant armour for 112 gold pieces
 11339 | D:9      | Reached ** piety under Makhleb
 11991 | D:9      | Found Olepruts's Magic Scroll Shoppe.
 11999 | D:9      | Bought a scroll of teleportation for 45 gold pieces
 11999 | D:9      | Bought a scroll of teleportation for 45 gold pieces
 11999 | D:9      | Bought a scroll of enchant weapon for 112 gold pieces
 11999 | D:9      | Bought a scroll of fear for 60 gold pieces
 11999 | D:9      | Bought a scroll of identify for 30 gold pieces
 11999 | D:9      | Bought a scroll of identify for 30 gold pieces
 12344 | D:9      | Reached XP level 11. HP: 57/79 MP: 0/0
 12344 | D:9      | Learned a level 4 spell: Ice Form
 12848 | D:10     | Entered Level 10 of the Dungeon
 12848 | D:10     | Noticed a two-headed ogre
 12857 | D:9      | Killed a two-headed ogre
 12984 | D:10     | Noticed a manticore
 12994 | D:10     | Killed a manticore
 13059 | D:10     | Reached *** piety under Makhleb
 13357 | D:10     | Reached skill level 1 in Invocations
 13498 | D:10     | Found a staircase to the Orcish Mines.
 13776 | D:10     | Found a staircase to the Lair.
 13789 | D:10     | Reached skill level 10 in Spellcasting
 13793 | D:10     | Reached **** piety under Makhleb
 13803 | D:10     | Reached XP level 12. HP: 75/88 MP: 0/0
 14416 | D:10     | Found a sacrificial altar of Ru.
 14557 | D:11     | Noticed a two-headed ogre
 14855 | D:11     | Killed a two-headed ogre
 14918 | D:11     | Found Maephisa's Distillery.
 14922 | D:11     | Bought a potion of heal wounds for 65 gold pieces
 14922 | D:11     | Bought a potion of ambrosia for 104 gold pieces
 14922 | D:11     | Bought a potion of curing for 39 gold pieces
 14937 | D:11     | Found a shadowy altar of Dithmenos.
 14937 | D:11     | Noticed Urug
 14948 | D:11     | Killed Urug
 14949 | D:11     | Reached skill level 10 in Dodging
 15347 | D:11     | Noticed a two-headed ogre
 15360 | D:11     | Killed a two-headed ogre
 15786 | Lair:1   | Entered Level 1 of the Lair of Beasts
 15894 | Lair:1   | Reached skill level 5 in Invocations
 16231 | Lair:1   | Found the +4 robe of Folly {Brilliance Will-∞ Int+8}
 16911 | Lair:2   | Noticed Amaemon
 16935 | Lair:1   | Killed Amaemon
 17055 | Lair:2   | Noticed a four-headed hydra
 17246 | Lair:2   | Killed a four-headed hydra
 17247 | Lair:2   | Reached XP level 13. HP: 50/96 MP: 0/0
 17247 | Lair:2   | Learned a level 5 spell: Fireball
 17751 | Lair:2   | Reached skill level 10 in Fighting
 17907 | Lair:2   | Reached ***** piety under Makhleb
 18193 | Lair:2   | Noticed Gastronok
 18207 | Lair:2   | Killed Gastronok
 18999 | Lair:2   | Found a staircase to the Swamp.
 19046 | Lair:2   | Found a hole to the Spider Nest.
 19539 | Lair:3   | HP: 4/99 [rime drake/flash freeze (27)]
 20765 | Lair:3   | Reached XP level 14. HP: 106/106 MP: 0/0
 21018 | Lair:4   | Slain by a death yak

Illustrated notes

Levels and vault maps discovered:
D:1:      moated_graveyard_arrival, layout_loops_ring
D:2:      layout_loops_cross, basic_ecumenical_altar, minmay_tromino_i4,
          uniq_robin
D:3:      layout_basic
D:4:      layout_cave_pools, nicolae_shop_vocational, uniq_blork_the_orc,
          uniq_sigmund
D:5:      layout_loops_ring, mainiacjoe_overflow_catwalk_spiral,
          minmay_temple_entry_grid, kennysheep_generic_room_11
D:6:      layout_loops_ring, mainiacjoe_overflow_catwalk,
          kennysheep_small_square
D:7:      layout_basic, uniq_duvessa, uniq_menkaure, uniq_maggie
D:8:      layout_rooms, minmay_misc_feat_cross
D:9:      layout_roguey [special_room_orc], enter_bailey_5, serial_shops,
          shop_scrolls, minivault_10, kennysheep_small_circle
D:10:     layout_loops_cross, nicolae_ru_the_path_less_chosen,
          due_lair_maze_entry_diamond, minmay_orc_entry_guard_dogs, st_stairs_13
D:11:     layout_roguey, serial_shops, shop, grunt_dithmenos_smoke_and_mirrors,
          uniq_urug
Temple:   regret_index_temple_mists
Lair:1:   layout_loops_ring, dreamdust_deal_with_the_devil,
          hangedman_lair_unloving_vines, small_statue_intersection,
          grunt_megastairs_3
Lair:2:   layout_big_grid, nicolae_swamp_entry_splash_gauntlet,
          dummy_spider_entry, eino_house_with_fridge, infiniplex_staircase_pool,
          serial_bayou_shore_b, uniq_gastronok, uniq_amaemon
Lair:3:   layout_chaotic_city, bobbens_dragon_lair_wall
Lair:4:   layout_roguey, minmay_slime_entry_pillars, grunt_megastairs_5

Skill      XL: |  1  2  3  4  5  6  7  8  9 10 11 12 13 14 |
---------------+-------------------------------------------+-----
Spellcasting   | 3 4 5 6 9 10 11 | 11.2
Fighting       | 1 2 3 4 5 7 8 9 11 12 | 12.6
Dodging        | 3 4 5 6 8 9 10 12 | 12.0
Stealth        | 2 4 |  4.0
Invocations    | 3 6 8 |  8.8

Action                   |  1- 3 |  4- 6 |  7- 9 | 10-12 | 13-15 || total
-------------------------+-------+-------+-------+-------+-------++-------
Melee: Unarmed           |     5 |       |       |       |       ||     5
       Short sword       |     3 |       |       |       |       ||     3
       Dagger            |       |    21 |     9 |    13 |       ||    43
       Staff             |       |       |       |       |     4 ||     4
 Cast: Foxfire           |    51 |    80 |    90 |   115 |    46 ||   382
       Scorch            |    16 |    24 |    73 |   220 |   138 ||   471
       Conjure Flame     |       |       |    13 |    25 |     7 ||    45
       Blink             |       |       |     1 |     3 |     7 ||    11
       Olgreb's Toxic Ra |       |       |       |    81 |    43 ||   124
       Call Canine Famil |       |       |       |    18 |    19 ||    37
       Fireball          |       |       |       |       |     5 ||     5
  Use: Scroll            |       |    13 |     4 |     8 |     4 ||    29
       Potion            |       |     2 |     1 |     6 |     7 ||    16
 Stab: Sleeping          |     1 |       |       |       |       ||     1
Armor: Leather armour    |       |    11 |     3 |    46 |    29 ||    89
       Robe              |       |       |    10 |     1 |       ||    11
Dodge: Dodged            |    10 |    34 |    42 |   114 |    87 ||   287
Block: Other             |       |       |       |       |    13 ||    13
       Reflection        |       |       |       |       |     2 ||     2
